 Dungeon Crawl Stone Soup version 0.29-a0-721-g7f417c9bbb (webtiles) character file.

Game seed: 417116216135511791

11787 kae the Destroyer (level 11, -8/66 HPs)
             Began as a Tengu Fire Elementalist on June 27, 2022.
             Was a Priest of Vehumet.
             Mangled by a yak (13 damage)
             ... on level 1 of the Lair of Beasts on June 28, 2022.
             The game lasted 00:16:28 (14930 turns).

kae the Destroyer (Tengu Fire Elementalist)        Turns: 14930, Time: 00:16:29

Health: -8/66      AC:  5    Str:  8    XL:     11   Next: 83%
Magic:  12/21      EV: 17    Int: 20    God:    Vehumet [***...]
Gold:   241        SH:  0    Dex: 15    Spells: 1/23 levels left

rFire   + . .      SeeInvis .   g - +1 war axe (elec)
rCold   x . .      Faith    .   (no shield)
rNeg    . . .      Spirit   .   a - +0 robe
rPois   +          Reflect  .   (helmet restricted)
rElec   .          Harm     .   G - +1 cloak
rCorr   .          Rampage  .   K - +0 pair of gloves
Will    .....                   (boots unavailable)
Stlth   ++........              (no amulet)
HPRegen 0.21/turn               F - ring of fire
MPRegen 0.17/turn               P - ring of poison resistance

@: flying quickly and evasively, quick
A: beak, talons 3, nimble flight
a: Renounce Religion


You were on level 1 of the Lair of Beasts.
You worshipped Vehumet.
Vehumet was most pleased with you.
You visited 3 branches of the dungeon, and saw 12 of its levels.
You also visited: Ossuary.

You collected 625 gold pieces.
You spent 384 gold pieces at shops.


Innate Abilities, Weirdness & Mutations

You have a beak for a mouth.
You have claws for feet.
Your magical nature lets you fly swiftly and evasively.


   Skills:
 + Level 6.7 Fighting
 + Level 4.8 Armour
 + Level 5.4 Dodging
 - Level 2.0 Stealth
 + Level 6.6 Spellcasting
 * Level 12.7 Conjurations
 * Level 11.2 Fire Magic
 + Level 3.6 Evocations


You had one spell level left.
You knew the following spells:

 Your Spells              Type           Power      Damage    Failure   Level
a - Foxfire               Conj/Fire      100%       2x1d9     1%          1
b - Scorch                Fire           100%       2d10      1%          2
c - Conjure Flame         Conj/Fire      70%        6-21      1%          3
d - Inner Flame           Hex/Fire       43%        N/A       1%          3
e - Flame Wave            Conj/Fire      70%        2d13      1%          4
f - Starburst             Conj/Fire      35%        6d10      3%          6
g - Ignite Poison         Fire/Tmut/Pois 32%        N/A       1%          3

Your spell library contained the following spells:

 Spells                   Type           Power      Damage    Failure   Level
 Apportation              Tloc           12%        N/A       10%         1
 Necrotize                Necr           24%        1d5       10%         1
 Sting                    Tmut/Pois      24%        1d4       10%         1
 Summon Small Mammal      Summ           24%        N/A       10%         1
 Dazzling Flash           Conj/Hex       64%        N/A       1%          3
 Iskenderun's Mystic Bla  Conj/Tloc      32%        2d8       1%          4
 Poisonous Vapours        Pois/Air       12%        N/A       4%          2
 Frozen Ramparts          Ice            12%        1d3       9%          3
 Ensorcelled Hibernation  Hex/Ice        12%        N/A       16%         2
 Passwall                 Tmut/Erth      5%         N/A       16%         2
 Olgreb's Toxic Radiance  Pois           6%         N/A       24%         4
 Call Canine Familiar     Summ           6%         N/A       30%         3
 Summon Guardian Golem    Hex/Summ       6%         N/A       30%         3
 Swiftness                Air            6%         N/A       30%         3
 Lee's Rapid Deconstruct  Erth           3%         3d6*      54%         5
 Animate Armour           Summ/Erth      12%        N/A       69%         4
 Corpse Rot               Necr/Pois/Air  6%         N/A       69%         4
 Ice Form                 Ice/Tmut       6%         N/A       69%         4
 Leda's Liquefaction      Hex/Erth       3%         N/A       69%         4
 Summon Ice Beast         Ice/Summ       6%         N/A       69%         4
 Statue Form              Tmut/Erth      4%         N/A       100%        6
 Malign Gateway           Summ/Tloc      3%         N/A       100%        7
 Dragon's Call            Summ           3%         N/A       100%        9

Inventory:

Hand Weapons
 g - a +1 war axe of electrocution (weapon)
   (You took it off an orc priest on level 3 of the Dungeon)
 p - the +5 dagger "Sixyr" {vorpal, rF- rC+ Int+3 SInv}
   (You found it on level 4 of the Dungeon)

   It inflicts extra damage upon your enemies.
   Int:       It affects your intelligence (+3).
   rF:        It makes you vulnerable to fire.
   rC:        It protects you from cold.
   SInv:      It lets you see invisible.
Missiles
 c - 119 stones
 d - 7 atropa-tipped darts
 h - 41 poisoned darts
 m - 6 javelins
 s - a curare-tipped dart {=f}
Armour
 a - a +0 robe (worn)
 B - a +0 troll leather armour
   (You found it on level 10 of the Dungeon)
 E - a +0 robe
   (You took it off an orc wizard on level 10 of the Dungeon)
 G - a +1 cloak (worn)
   (You found it on level 6 of the Dungeon)
 H - a +0 robe
   (You took it off an orc wizard on level 10 of the Dungeon)
 J - a +0 robe
   (You took it off Nergalle on level 9 of the Dungeon)
 K - a +0 pair of gloves (worn)
   (You found it on level 9 of the Dungeon)
 N - a +0 ring mail
   (You took it off an orc on level 10 of the Dungeon)
 O - a +0 robe
   (You took it off an orc wizard on level 10 of the Dungeon)
Magical Staves
 z - a staff of death {!a}
   (You found it on level 5 of the Dungeon)
Jewellery
 t - a ring of willpower
   (You found it on level 7 of the Dungeon)
 F - a ring of fire (left hand)
   (You found it on level 4 of the Dungeon)
 L - a ring of flight
   (You found it on level 9 of the Dungeon)
 P - a ring of poison resistance (right hand)
   (You found it on level 5 of the Dungeon)
 S - a +6 ring of strength
   (You took it off an orc on level 10 of the Dungeon)
 T - an amulet of faith {!P}
   (You found it on level 8 of the Dungeon)
 Z - a ring of wizardry
   (You found it on level 9 of the Dungeon)
Wands
 i - a wand of flame (64)
   (You found it on level 2 of the Dungeon)
 l - a wand of iceblast (15)
   (You found it on level 2 of the Dungeon)
 n - a wand of charming (5)
   (You found it on level 3 of the Dungeon)
 r - a wand of polymorph (12)
   (You found it on level 6 of the Dungeon)
 I - a wand of light (13)
   (You found it on level 6 of the Dungeon)
Scrolls
 f - 2 scrolls of summoning
 w - a scroll of magic mapping {!r}
 y - 2 scrolls of fog
 A - a scroll of torment {!r}
 M - 2 scrolls of enchant armour
 R - a scroll of enchant weapon
 W - a scroll of blinking {unknown}
 X - a scroll of immolation {!r!r}
Potions
 b - 2 potions of magic
 e - 2 potions of flight
 j - 3 potions of heal wounds {@q2}
 k - 3 potions of cancellation
 o - 3 potions of attraction {unknown}
 q - 2 potions of lignification {unknown}
 u - 2 potions of curing {@q1}
 v - 2 potions of mutation {!q}
 x - a potion of ambrosia
 C - 4 potions of degeneration {unknown}
 D - 4 potions of brilliance {unknown}
 Q - a potion of might
 V - a potion of berserk rage {!q}
Miscellaneous
 U - a piece from Xom's chessboard (15/15)
   (You found it on level 9 of the Dungeon)

Dungeon Overview and Level Annotations

Branches:
Dungeon (10/15) Zot: 24233  Temple (1/1) D:6 Zot: 5893    Lair (1/6) D:9 Zot: 5345
Ossuary (visited)
    Orc: D:9-12

Altars:
Ashenzari
Cheibriados
Dithmenos
Elyvilon
Fedhas
Gozag
Hepliaklqana
Kikubaaqudgha
Makhleb
Nemelex Xobeh
Okawaru
Qazlal
Ru
Sif Muna
Trog
Uskayaw
Vehumet
Wu Jian
Xom
Yredelemnul
Zin
The Shining One

Shops:
D:8 :

Annotations:
D:3 Terence

...## #....##....##......#......≈
....# ##............#...##.......
...... ..........................
.................................
#.#### .####...###...........####
## #..## #...........# #..
#...........###
.##..?###...........#.##
......Y@................
./.....YY...............
............#P#....##...
[...........###...###...
............# #...# #...
............# #...# #...
............# #...###...
.......l....###....##...
..........##....###...


You could see 3 yaks and a basilisk.


Message History

There are monsters nearby!
There are monsters nearby!
Casting: Starburst (dangerous; 3% risk of failure)
Confirm with . or Enter, or press ? or * to list all spells.
You feel a surge of power!
You conjure some foxfire!
The yak bellows! x2; You hear a bellow! x2
A yak comes into view. x2
You hear a bellow!
The foxfire hits the yak. 😎 MP[-1]
You lost 1 mp, and now have 20/21 mp.
Casting: Foxfire (safe; 1% risk of failure)
Confirm with . or Enter, or press ? or * to list all spells.
You feel a surge of power!
You conjure some foxfire!
The foxfire hits the yak.
A yak comes into view.
The foxfire hits the yak.
The foxfire hits the yak!
A yak comes into view. 😎 MP[-1]
You lost 1 mp, and now have 19/21 mp.
Casting: Foxfire (safe; 1% risk of failure)
Confirm with . or Enter, or press ? or * to list all spells.
You feel a surge of power!
You conjure some foxfire!
A yak comes into view.
The foxfire hits the yak but does no damage.
The foxfire hits the yak!
A yak comes into view.
The yak bellows!
You slash the yak! You claw the yak. Your peck misses the yak. You hit the yak.
Lightning courses through the yak! The yak gores you. 😕 HP[-5]
You take 5 damage, and now have 61/66 hp.
You barely miss the yak. You claw the yak, but do no damage.
You peck the yak, but do no damage. You hit the yak but do no damage. x2
The yak gores you! The yak closely misses you. The yak misses you.
The yak gores you! The yak closely misses you. The yak gores you!
* * * LOW HITPOINT WARNING * * *
😨 HP[-40]
You take 40 damage, and now have 21/66 hp.
MASSIVE DAMAGE!! (PAUSE) Unknown command.
Casting: Foxfire (safe; 1% risk of failure)
Confirm with . or Enter, or press ? or * to list all spells.
Casting: Flame Wave (safe; 1% risk of failure)
Press: ? - help, Dir - look around, f - activate You feel a surge of power!
A wave of flame ripples out!
The flame wave engulfs the yak! x3
You kill the yak!
Vehumet accepts your kill.
You feel your power returning. (Press . to intensify the flame waves.)
You hear an angry hiss.
The yak completely misses you. The yak gores you.
* * * LOW HITPOINT WARNING * * *
😱 HP[-5] MP[-3]
You take 5 damage, and now have 16/66 hp.
You lost 3 mp, and now have 16/21 mp.
A wave of flame ripples out!
The flame wave engulfs the yak!
The flame wave engulfs the yak!!
You kill the yak!
Vehumet accepts your kill.
The flame wave engulfs the yak! x4; The yak closely misses you.
The yak gores you!
* * * LOW HITPOINT WARNING * * *
😱 HP[-9]
You take 9 damage, and now have 7/66 hp.
A wave of flame ripples out!
The flame wave engulfs the yak!
You kill the yak!
Vehumet accepts your kill.
You feel your power returning.
The flame wave engulfs the yak!
The flame wave engulfs the yak.
The flame wave engulfs the yak!
The flame wave engulfs the yak.
The flame wave engulfs the yak!
You finish channelling waves of flame.
The yak gores you.
* * * LOW HITPOINT WARNING * * *
The yak closely misses you. 😱 HP[-3] MP[+2]
You take 3 damage, and now have 4/66 hp.
You regained 2 mp, and now have 18/21 mp.
You feel much better. The yak gores you but does no damage. The yak gores you.
* * * LOW HITPOINT WARNING * * *
The yak gores you!
* * * LOW HITPOINT WARNING * * *
The yak misses you. 😱 HP[+12]
You regained 12 hp, and now have 16/66 hp.
Casting: Flame Wave (safe; 1% risk of failure)
Confirm with . or Enter, or press ? or * to list all spells.
Casting: Starburst (dangerous; 3% risk of failure)
Press: ? - help, Dir - look around, f - activate You feel a surge of power!
The bolt of fire hits the yak!!!
You kill the yak!
Vehumet accepts your kill.
The bolt of fire misses the yak. x2; The bolt of fire hits the yak!!
You kill the yak!
Vehumet accepts your kill.
The bolt of fire hits the yak!!
A basilisk comes into view.
The yak gores you!
* * * LOW HITPOINT WARNING * * *
The yak gores you!
You die...

Skill      XL: |  1  2  3  4  5  6  7  8  9 10 11 |
---------------+----------------------------------+-----
Conjurations   | 2 3 4 5 6 8 10 11 12 | 12.7
Fighting       | 1 2 3 4 5 6 |  6.7
Fire Magic     | 4 5 6 7 9 10 11 | 11.2
Spellcasting   | 3 4 5 6 |  6.6
Armour         | 1 3 4 |  4.8
Dodging        | 3 4 5 |  5.4
Evocations     | 2 3 |  3.6
Stealth        | |  2.0

Action                   |  1- 3 |  4- 6 |  7- 9 | 10-12 || total
-------------------------+-------+-------+-------+-------++-------
Melee: Unarmed           |     4 |     1 |       |       ||     5
       Kick              |     2 |     1 |     3 |     8 ||    14
       War axe           |       |     1 |    12 |    32 ||    45
       Peck              |       |     1 |     4 |     8 ||    13
 Cast: Foxfire           |    79 |    70 |    80 |   117 ||   346
       Scorch            |     3 |    22 |    25 |    67 ||   117
       Conjure Flame     |       |     2 |     2 |    12 ||    16
       Inner Flame       |       |       |     4 |    16 ||    20
       Flame Wave        |       |       |     2 |     5 ||     7
       Starburst         |       |       |       |     5 ||     5
Evoke: Wand              |       |       |     5 |     3 ||     8
  Use: Scroll            |     3 |     6 |     6 |     5 ||    20
       Potion            |       |     1 |     2 |     2 ||     5
 Stab: Sleeping          |       |       |       |     1 ||     1
Armor: Robe              |     7 |     2 |     8 |    14 ||    31
Dodge: Dodged            |    20 |    17 |    35 |   135 ||   207

Levels and vault maps discovered:
D:1:      dpeg_arrival_pond, layout_basic, minmay_pentomino_u4
D:2:      layout_loops_ring, minmay_cupped
D:3:      layout_loops_ring, okawaru_trees_2, dreamdust_princess_bridge,
          uniq_terence
D:4:      layout_basic, grunt_ashenzari_visionary
          [grunt_ashenzari_visionary_swamp, grunt_ashenzari_visionary_snake],
          uniq_natasha
D:5:      layout_rooms, eat_drink_and_be_merry_uskayaw,
          mainiacjoe_overflow_tiny_flanked, uniq_ijyb, uniq_grinder
D:6:      layout_rooms, minmay_temple_entry_fiery
D:7:      layout_cave_pools, nrook_mini_backslash, uniq_maggie
D:8:      layout_gridville, serial_shops, nicolae_shop_stone,
          nicolae_ossuary_entry_plus
D:9:      layout_cave_pools, dpeg_oklobed_lair, minmay_misc_feat_iff
D:10:     minmay_clustersquares, layout_long_grid, uniq_nergalle
Temple:   mainiacjoe_temple_coin_purse
Lair:1:   layout_small_grid, grunt_megastairs_2, infiniplex_staircase_pool_2

Notes
Turn   | Place    | Note
-------+----------+-------------------------------------------
     0 | D:1      | kae the Tengu Fire Elementalist began the quest for the
                  | Orb.
     0 | D:1      | Reached XP level 1. HP: 10/10 MP: 4/4
     0 | D:1      | magus.rc [v1.11.3]
    28 | D:1      | You pick up a book of Rime and begin reading...
    28 | D:1      | You add the spells Frozen Ramparts, Ice Form and Summon Ice
                  | Beast to your library.
   148 | D:1      | Reached skill level 2 in Conjurations
   148 | D:1      | Reached XP level 2. HP: 16/16 MP: 3/6
   457 | D:1      | Learned a level 2 spell: Scorch
   522 | D:1      | Reached XP level 3. HP: 19/20 MP: 3/7
   770 | D:1      | Reached skill level 1 in Fighting
  1161 | D:1      | magus.rc [v1.11.3]
  1353 | D:2      | Learned a level 3 spell: Conjure Flame
  1745 | D:2      | Reached skill level 3 in Conjurations
  1745 | D:2      | Reached skill level 4 in Fire Magic
  1949 | D:2      | Reached XP level 4. HP: 25/25 MP: 5/8
  1958 | D:2      | You add the spells Animate Armour, Malign Gateway and
                  | Dragon's Call to your library.
  1958 | D:2      | Got the Almanac of the Entourage
  2199 | D:3      | Found an iron altar of Okawaru.
  2229 | D:3      | You pick up a book of Burglary and begin reading...
  2229 | D:3      | You add the spells Passwall, Ensorcelled Hibernation and
                  | Swiftness to your library.
  2433 | D:3      | You pick up a book of Callings and begin reading...
  2433 | D:3      | You add the spells Summon Small Mammal, Call Canine
                  | Familiar and Summon Guardian Golem to your library.
  2678 | D:3      | Gained mutation: Your magical nature lets you fly swiftly
                  | and evasively. [Tengu growth]
  2678 | D:3      | Reached XP level 5. HP: 29/29 MP: 5/9
  2768 | D:3      | Noticed Terence
  2927 | D:3      | You add the spells Sting, Poisonous Vapours and Olgreb's
                  | Toxic Radiance to your library.
  3237 | D:4      | Noticed an ogre
  3251 | D:4      | Killed an ogre
  3252 | D:4      | Reached skill level 4 in Conjurations
  3320 | D:4      | Reached XP level 6. HP: 35/35 MP: 5/11
  3383 | D:4      | Identified the +5 dagger "Sixyr" {vorpal, rF- rC+ Int+3
                  | SInv}
  3428 | D:4      | Reached skill level 2 in Fighting
  3698 | D:4      | Reached skill level 5 in Fire Magic
  3750 | D:4      | Reached skill level 3 in Spellcasting
  3841 | D:4      | Found a broken altar of Ashenzari.
  3845 | D:4      | Saw a vision of the Swamp and the Snake Pit.
  3845 | D:4      | Noticed a naga mage
  3845 | D:4      | Noticed a shock serpent
  3845 | D:4      | Noticed a naga sharpshooter
  3845 | D:4      | Noticed a naga
  3845 | D:4      | Noticed a black mamba
  3845 | D:4      | Noticed a black mamba
  3845 | D:4      | Noticed a shock serpent
  3845 | D:4      | Noticed an alligator
  3845 | D:4      | Noticed an alligator
  3845 | D:4      | Noticed a swamp drake
  3845 | D:4      | Noticed an alligator
  3845 | D:4      | Noticed a black mamba
  3845 | D:4      | Noticed a salamander
  3846 | D:4      | Noticed a mana viper
  3847 | D:4      | Noticed a naga sharpshooter
  4077 | D:4      | Noticed Natasha
  4089 | D:4      | Killed Natasha
  4090 | D:4      | Reached skill level 5 in Conjurations
  4531 | D:4      | Noticed Natasha
  4729 | D:4      | Killed Natasha
  4730 | D:4      | Reached XP level 7. HP: 40/40 MP: 9/12
  4734 | D:4      | Found a broken altar of Ashenzari.
  5007 | D:4      | Noticed Natasha
  5013 | D:4      | Killed Natasha
  5160 | D:4      | Found a broken altar of Ashenzari.
  5300 | D:5      | Entered Level 5 of the Dungeon
  5300 | D:5      | Found a white marble altar of Elyvilon.
  5483 | D:5      | Found a hide-covered altar of Uskayaw.
  5514 | D:5      | Noticed Ijyb
  5582 | D:5      | Noticed Grinder
  5600 | D:5      | Learned a level 3 spell: Inner Flame
  5602 | D:5      | Paralysed by Grinder for 4 turns
  5604 | D:5      | Killed Grinder
  5605 | D:5      | Reached skill level 3 in Fighting
  5605 | D:5      | Reached skill level 6 in Conjurations
  5605 | D:5      | Reached skill level 6 in Fire Magic
  5650 | D:5      | Killed Ijyb
  5650 | D:5      | HP: 9/41 [spore (17)]
  5655 | D:5      | HP: 5/41 [poisoned by Ijyb]
  6189 | D:6      | Reached XP level 8. HP: 46/46 MP: 10/14
  6209 | D:6      | Reached skill level 7 in Conjurations
  6217 | D:6      | Reached skill level 4 in Spellcasting
  6433 | D:6      | Noticed an eight-headed hydra
  6438 | D:6      | Killed an eight-headed hydra
  6439 | D:6      | Reached skill level 4 in Fighting
  6439 | D:6      | Reached skill level 8 in Conjurations
  6439 | D:6      | Reached skill level 7 in Fire Magic
  6439 | D:6      | Reached XP level 9. HP: 52/52 MP: 16/16
  6514 | D:6      | Reached skill level 8 in Fire Magic
  6988 | D:6      | Reached skill level 9 in Conjurations
  7042 | D:6      | Found a staircase to the Ecumenical Temple.
  7048 | Temple   | Entered the Ecumenical Temple
  7153 | Temple   | Became a worshipper of Vehumet
  7322 | D:7      | Noticed Maggie
  7338 | D:7      | Killed Maggie
  7569 | D:7      | Reached skill level 5 in Spellcasting
  7777 | D:7      | Reached skill level 5 in Fighting
  7882 | D:7      | Reached skill level 1 in Armour
  8116 | D:7      | You pick up a book of Vapours and begin reading...
  8328 | D:7      | Learned a level 4 spell: Flame Wave
  8332 | D:8      | Reached skill level 9 in Fire Magic
  8332 | D:8      | Reached * piety under Vehumet
  8332 | D:8      | Offered knowledge of Freeze by Vehumet.
  8333 | D:8      | Reached skill level 10 in Conjurations
  8681 | D:8      | Reached skill level 3 in Dodging
  8815 | D:8      | Found a sand-covered staircase.
  8819 | Ossuary  | Entered an ossuary
  8884 | Ossuary  | Reached XP level 10. HP: 55/59 MP: 18/18
  9178 | D:8      | Reached skill level 2 in Armour
  9190 | D:8      | Offered knowledge of Static Discharge by Vehumet.
  9191 | D:8      | Reached ** piety under Vehumet
  9497 | D:8      | Found Juta's Book Shop.
  9505 | D:8      | Bought a book of Spectacle for 384 gold pieces
  9505 | D:8      | You pick up a book of Spectacle and begin reading...
  9505 | D:8      | You add the spells Dazzling Flash, Iskenderun's Mystic
                  | Blast and Starburst to your library.
  9518 | D:8      | HP: 7/59 [orc warrior/bolt (23)]
 10201 | D:9      | Found a staircase to the Lair.
 10472 | D:9      | Reached skill level 1 in Evocations
 10677 | D:9      | Reached skill level 11 in Conjurations
 10865 | D:9      | Noticed a two-headed ogre
 10971 | D:9      | Killed a two-headed ogre
 10972 | D:9      | Reached skill level 3 in Armour
 10972 | D:9      | Reached skill level 4 in Dodging
 10972 | D:9      | Reached skill level 10 in Fire Magic
 11399 | D:10     | Entered Level 10 of the Dungeon
 11409 | D:10     | Noticed a two-headed ogre
 11428 | D:10     | Killed a two-headed ogre
 11429 | D:10     | Reached skill level 6 in Fighting
 11429 | D:10     | Reached skill level 2 in Evocations
 11807 | D:10     | You pick up a book of the Earth and begin reading...
 11807 | D:10     | You add the spells Leda's Liquefaction, Lee's Rapid
                  | Deconstruction and Statue Form to your library.
 11901 | D:10     | Reached skill level 6 in Spellcasting
 11901 | D:10     | Reached XP level 11. HP: 35/64 MP: 10/21
 12057 | D:10     | a +0 eveningstar {rare}; a +0 leather armour; an orc corpse
 12088 | D:10     | Offered knowledge of Ignite Poison by Vehumet.
 12194 | D:10     | Noticed Nergalle
 12207 | D:10     | HP: 14/64 [spectral orc knight/+0 dire flail[Nergalle]
                  | (20)]
 12489 | D:9      | Killed Nergalle
 12490 | D:9      | Reached skill level 4 in Armour
 12777 | D:9      | magus.rc [v1.11.3]
 12955 | D:10     | Reached skill level 12 in Conjurations
 13134 | D:10     | Noticed a green ugly thing
 13259 | D:10     | Reached *** piety under Vehumet
 13535 | D:10     | Reached skill level 3 in Evocations
 13576 | D:10     | Killed a green ugly thing
 13753 | Lair:1   | Entered Level 1 of the Lair of Beasts
 13761 | Lair:1   | Reached skill level 5 in Dodging
 13763 | Lair:1   | Noticed a five-headed hydra
 13772 | D:9      | HP: 3/66 [five-headed hydra (14)]
 14100 | D:9      | Killed a five-headed hydra
 14101 | D:9      | Reached skill level 11 in Fire Magic
 14473 | Lair:1   | Learned a level 6 spell: Starburst
 14477 | Lair:1   | Learned a level 3 spell: Ignite Poison
 14817 | Lair:1   | You pick up a book of Cantrips and begin reading...
 14817 | Lair:1   | You add the spells Necrotize and Apportation to your
                  | library.
 14926 | Lair:1   | HP: 16/66 [yak (5)]
 14927 | Lair:1   | HP: 7/66 [yak (9)]
 14930 | Lair:1   | Mangled by a yak

Vanquished Creatures
  2 hydras
  2 two-headed ogres
  Nergalle (D:9)
  An ugly thing (D:10)
  A gargoyle (D:10)
  A cane toad (Lair:1)
  Maggie (D:7)
  5 komodo dragons
  3 trolls
  Grinder (D:5)
  A hornet (D:10)
  2 shadows (D:10)
  A vampire (D:10)
  A wraith (D:9)
  A basilisk (Lair:1)
  6 yaks
  A water moccasin (D:8)
  3 ice beasts
  A sky beast (D:6)
  2 black bears (D:7)
  2 orc warriors
  2 ogres
  8 centaurs
  A phantom (D:6)
  3 kobold brigands
  7 bullfrogs
  A scorpion (Lair:1)
  A water moccasin zombie (Ossuary)
  3 wights (D:9)
  8 killer bees
  2 jellies (D:7)
  3 hounds
  3 orc priests
  Ijyb (D:5)
  8 iguanas
  Natasha (thrice) (D:4)
  9 orc wizards
  2 mummies (Ossuary)
  3 gnolls (D:4)
  9 adders
  A shadow imp (D:6)
  4 adder zombies (Ossuary)
  A worm (D:2)
  A dart slug (D:1)
  22 orcs
  3 bats
  8 endoplasms
  8 giant cockroaches
  2 gnoll zombies (Ossuary)
  9 goblins
  7 hobgoblins
  4 jackals
  7 ball pythons
  3 frilled lizards
  5 hobgoblin zombies (Ossuary)
  23 kobolds
  3 kobold zombies (Ossuary)
  6 orc zombies (Ossuary)
  8 rats
241 creatures vanquished.

Vanquished Creatures (collateral kills)
  An orc wizard (D:8)
  A foxfire (Lair:1)
2 creatures vanquished.

Vanquished Creatures (others)
  602 foxfires
  2 fungi
  2 plants (Lair:1)
606 creatures vanquished.

Grand Total: 849 creatures vanquished

Table legend:
 A = Non-vault XP
 B = Vault XP
 C = Vault XP percentage of total XP
 D = Non-vault monster count
 E = Vault monster count
 F = Vault count percentage of total count
                 A         B        C        D         E       F
            +---------+---------+-------+---------+---------+-------
      Total |   13129 |    4122 |  23.9 |     192 |      50 |  20.7
            +---------+---------+-------+---------+---------+-------
        D:1 |      49 |      12 |  19.7 |      28 |       5 |  15.2
        D:2 |      11 |      10 |  47.6 |       8 |       4 |  33.3
        D:3 |     135 |       0 |   0.0 |      21 |       0 |   0.0
        D:4 |     421 |      35 |   7.7 |      21 |       1 |   4.5
        D:5 |     161 |     336 |  67.6 |       6 |       2 |  25.0
        D:6 |    1764 |       0 |   0.0 |      15 |       0 |   0.0
        D:7 |     724 |     389 |  35.0 |       9 |       1 |  10.0
        D:8 |    1153 |       0 |   0.0 |      28 |       0 |   0.0
        D:9 |    3409 |     775 |  18.5 |      26 |       1 |   3.7
       D:10 |    2533 |    2136 |  45.7 |      19 |      10 |  34.5
     Lair:1 |    2769 |     276 |   9.1 |      11 |       3 |  21.4
    Ossuary |       0 |     153 | 100.0 |       0 |      23 | 100.0
            +---------+---------+-------+---------+---------+-------

Illustrated notes

Table legend:
 A = Kills in this place as a percentage of kills in entire the game.
 B = Kills by you in this place as a percentage of kills by you in the entire game.
 C = Kills by friends in this place as a percentage of kills by friends in the entire game.
 D = Other kills in this place as a percentage of other kills in the entire game.
 E = Experience gained in this place as a percentage of experience gained in the entire game.
 F = Experience gained in this place divided by the number of levels of this place that you have seen.
                   A       B       C       D       E      F
               +-------+-------+-------+-------+-------+----------------------
         Total | 100.0 | 100.0 | 100.0 |   N/A | 100.0 | 1327.0
       Dungeon |  84.7 |  84.6 | 100.0 |   N/A |  81.5 | 1405.3
          Lair |   5.8 |   5.8 |   0.0 |   N/A |  17.7 | 3045.0
       Ossuary |   9.5 |   9.5 |   0.0 |   N/A |   0.9 | 153.0
               +-------+-------+-------+-------+-------+----------------------

Table legend: (Time is in decaauts)
 A = Elapsed time spent in this place.
 B = Non-inter-level travel time spent in this place.
 C = Inter-level travel time spent in this place.
 D = Time resting spent in this place.
 E = Time spent auto-exploring this place.
 F = Levels seen in this place.
 G = Mean time per level.
                   A        B        C        D        E       F      G
               +--------+--------+--------+--------+--------+-----+--------+
         Total |  14353 |  13847 |    506 |   1073 |  10762 |  13 | 1104.1 |
       Dungeon |  13356 |  12862 |    494 |   1073 |   9989 |  10 | 1335.6 |
        Temple |    106 |     96 |     10 |      0 |     77 |   1 |  106.0 |
          Lair |    654 |    654 |      0 |      0 |    545 |   1 |  654.0 |
       Ossuary |    237 |    237 |      0 |      0 |    150 |   1 |  237.0 |
               +--------+--------+--------+--------+--------+-----+--------+

Top non-repeatable levels by time:
     D:9: 1864 daAuts
     D:8: 1845 daAuts
     D:4: 1831 daAuts
    D:10: 1750 daAuts
     D:1: 1307 daAuts
     D:3: 1204 daAuts
     D:6: 1015 daAuts
     D:7: 942 daAuts
     D:5: 817 daAuts
     D:2: 776 daAuts
  Lair:1: 654 daAuts
 Ossuary: 237 daAuts
  Temple: 106 daAuts
